Map: Dusk Towers

Players

llllllllllll - Winner!

  • Race: Zerg Zerg
  • League: Master

Miszu

  • Race: Terran Terran
  • League: Master

VOD

Have the link to the VOD?

Description

Time

  • Played on: April 30, 2016, 7 p.m.
  • Length: 6:29
Show
View Real Time Build Order
Export as new Build Order

llllllllllll Zerg - Winner!

Build Orders: Hatch First 

Get SALT Encoding   

  12  0:01  Drone  
  13  0:12  Overlord  
  13  0:18  Drone  
  14  0:36  Drone x3  
  17  0:54  Hatchery  
  16  0:57  Drone  
  17  1:10  Spawning Pool  
  16  1:13  Drone  
  16  1:17  Drone  
  16  1:18  Extractor  
  17  1:22  Drone  
  18  1:30  Drone  
  19  1:42  Drone  
  20  1:52  Overlord  
  20  1:57  Queen, Roach Warren  
  21  2:02  Drone  
  21  2:08  Queen  
  24  2:11  Drone  
  24  2:15  Drone  
  26  2:17  Drone  
  27  2:25  Drone  
  27  2:28  Drone  
  29  2:39  Drone x2  
  31  2:53  Drone  
  31  2:54  Queen, Drone  
  31  2:56  Overlord  
  35  3:03  Overlord  
  35  3:15  Overlord  
  35  3:16  Overlord  
  35  3:17  Drone  
  36  3:20  Lair  
  36  3:22  Drone x2, Evolution Chamber, Extractor  
  36  3:23  Drone  
  36  3:25  Drone  
  38  3:28  Drone  
  38  3:30  Drone  
  38  3:32  Drone  
  41  3:40  Drone x2  
  44  3:41  Drone x2  
  45  3:56  Zerg Missile Weapons Level 1  
  45  4:01  Roach  
  47  4:04  Roach  
  47  4:05  Roach  
  47  4:09  Hatchery  
  50  4:10  Roach x2  
  50  4:13  Roach  
  56  4:18  Glial Reconstitution  
  56  4:19  Roach  
  56  4:21  Roach  
  60  4:25  Overlord  
  60  4:30  Overlord  
  60  4:35  Overlord x2  
  60  4:46  Roach x4  
  60  4:48  Roach  
  60  4:49  Roach  
  60  4:52  Roach  
  74  4:55  Roach  
  74  4:58  Roach  
  78  5:02  Roach  
  80  5:07  Roach  
  80  5:09  Overlord x2  
  80  5:11  Roach  
  84  5:17  Roach  
  86  5:21  Roach  
  86  5:25  Roach  
  86  5:27  Overlord x2  
  90  5:33  Overlord  
  90  5:34  Drone x3  
  93  5:42  Drone x3  
  96  5:43  Drone x2  
  96  5:49  Drone x3  
  101  5:51  Drone  
  101  5:53  Drone  
  101  5:54  Drone  
Show
View Real Time Build Order
Export as new Build Order

Miszu Terran 

Build Orders: Liberator Opening, Reaper Expand 

Get SALT Encoding   

  12  0:00  SCV  
  13  0:12  SCV  
  14  0:17  Supply Depot  
  14  0:26  SCV  
  15  0:39  SCV  
  15  0:40  Barracks  
  16  0:44  Refinery  
  16  0:51  SCV  
  17  1:03  SCV  
  18  1:15  SCV  
  19  1:29  Reaper  
  19  1:30  Orbital Command  
  20  1:38  Command Center  
  20  1:50  Supply Depot  
  20  1:55  SCV  
  20  1:59  Refinery  
  21  2:01  Barracks Reactor  
  21  2:07  SCV  
  22  2:19  SCV  
  22  2:21  Factory  
  23  2:31  SCV  
  24  2:39  Marine x2  
  24  2:43  SCV  
  27  2:52  SCV  
  27  2:56  SCV, Command Center  
  29  3:04  Orbital Command  
  29  3:08  SCV  
  30  3:15  Starport  
  30  3:19  Factory Tech Lab  
  30  3:20  SCV  
  30  3:24  Marine x2  
  33  3:30  SCV  
  33  3:33  SCV  
  35  3:37  Siege Tank  
  35  3:38  Liberator  
  38  3:42  SCV  
  38  3:45  SCV  
  40  3:54  SCV  
  44  3:57  SCV  
  44  3:59  Marine x2  
  46  4:07  SCV  
  46  4:08  Supply Depot  
  47  4:10  Barracks  
  47  4:11  Barracks  
  47  4:12  Orbital Command  
  47  4:18  Siege Tank  
  47  4:20  Liberator  
  47  4:22  SCV x2  
  52  4:34  SCV x2  
  57  4:46  SCV  
  57  4:47  SCV  
  57  4:48  Engineering Bay  
  57  4:50  Engineering Bay  
  57  4:52  Marine  
  59  4:54  Orbital Command  
  59  4:55  Refinery  
  59  4:57  Refinery  
  59  4:58  SCV, Supply Depot  
  59  4:59  SCV, Supply Depot  
  62  5:00  Barracks Tech Lab x2  
  62  5:10  SCV  
  62  5:11  SCV  
  64  5:23  SCV  
  64  5:24  SCV x2, Barracks  
  64  5:25  Barracks  
  67  5:28  Supply Depot x2  
  67  5:32  Marine x2  
  67  5:33  Marine  
  67  5:34  Starport Reactor  
  70  5:35  SCV  
  70  5:36  SCV  
  70  5:37  SCV  
  73  5:43  Marine  
  73  5:48  SCV x2  
  76  5:50  SCV, Marine x2  
  76  5:52  Supply Depot x2  
  79  6:00  SCV  
Tags
 
Add a new tag
Caveats
  • Supply blocks, unpowered buildings, or Contaminate may cause inaccurate times.
  • Supply counts are checked every 10 seconds.